Map: Eternal Empire LE

Players

A.I. 2 (Very Hard)

  • Race: Protoss Protoss
  • Spawn Location: 7:00

jheffe - Winner!

  • Race: Terran Terran
  • League: Grandmaster
  • Spawn Location: 1:00

VOD

Have the link to the VOD?

Description

Time

  • Played on: April 3, 2020, 12:44 a.m.
  • Length: 10:44
Show
View Real Time Build Order
Export as new Build Order

A.I. 2 (Very Hard) Protoss 

Build Orders: Colossus Rush 

Get SALT Encoding   

  12  0:00  Probe  
  13  0:13  Probe  
  14  0:20  Pylon  
  14  0:25  Probe  
  15  0:34  Probe  
  15  0:40  Gateway  
  15  0:42  Probe  
  16  0:48  Assimilator  
  17  0:52  Probe  
  18  1:00  Probe  
  18  1:01  Pylon  
  18  1:08  Probe  
  20  1:18  Probe  
  21  1:28  Zealot  
  21  1:30  Probe  
  21  1:31  Cybernetics Core  
  24  1:43  Probe  
  25  1:58  Warp Gate  
  25  2:00  Probe  
  25  2:01  Nexus  
  25  2:08  Probe  
  26  2:16  Probe  
  26  2:19  Stalker  
  29  2:28  Probe  
  30  2:30  Pylon  
  30  2:40  Probe  
  30  2:42  Gateway  
  31  2:45  Assimilator  
  31  2:52  Probe  
  31  2:53  Adept  
  34  3:02  Pylon  
  34  3:04  Probe  
  35  3:12  Probe  
  35  3:13  Probe  
  37  3:23  Adept  
  37  3:25  Probe  
  40  3:27  Robotics Facility  
  40  3:31  Adept  
  40  3:32  Probe  
  43  3:37  Probe  
  44  3:44  Probe  
  45  3:49  Probe  
  46  3:57  Probe  
  46  4:00  Adept  
  46  4:01  Probe  
  50  4:09  Probe, Adept  
  53  4:10  Probe  
  54  4:18  Probe  
  54  4:19  Robotics Bay, Adept  
  54  4:21  Pylon, Observer, Probe  
  59  4:31  Robotics Facility  
  59  4:33  Pylon, Probe  
  59  4:35  Stalker  
  62  4:40  Stalker  
  64  4:46  Pylon  
  64  4:50  Forge  
  57  5:02  Probe  
  57  5:04  Probe  
  59  5:12  Probe  
  59  5:16  Probe  
  59  5:20  Probe  
  61  5:27  Photon Cannon  
  61  5:28  Probe x2  
  62  5:29  Photon Cannon  
  62  5:31  Colossus  
  70  5:40  Probe x2  
  72  5:45  Sentry, Stalker  
  72  5:47  Pylon  
  76  5:58  Probe  
  76  5:59  Probe  
  76  6:02  Assimilator  
  78  6:06  Gateway  
  78  6:08  Zealot  
  78  6:09  Twilight Council  
  78  6:10  Assimilator  
  80  6:12  Zealot  
  80  6:16  Pylon  
  82  6:25  Probe  
  83  6:33  Probe  
  83  6:37  Probe  
  85  6:43  Forge  
  85  6:47  Pylon  
  85  6:52  Templar Archives  
  85  6:55  Zealot, Stalker, Gateway  
  85  7:00  Stalker  
  87  7:15  Zealot  
  69  7:18  Zealot  
  55  7:23  Nexus, Adept  
  55  7:25  Probe x2  
  41  7:33  Zealot  
  41  7:35  High Templar  
  37  7:37  Probe  
  37  7:43  Stalker  
  34  7:47  High Templar  
  34  7:49  Zealot, Probe  
  26  8:01  Probe  
  23  8:07  Sentry  
  23  8:08  High Templar  
  23  8:09  Adept  
  23  8:12  Pylon  
  23  8:14  Probe  
  24  8:27  Pylon  
  24  8:29  Zealot  
  20  8:44  High Templar  
  16  8:57  Probe  
  10  9:09  Probe  
  5  9:21  Probe  
  6  9:26  Pylon  
  6  9:31  Probe  
  6  9:39  Probe  
  7  9:47  Probe  
Show
View Real Time Build Order
Export as new Build Order

jheffe Terran - Winner!

Build Orders: Reaper Expand 

Get SALT Encoding   

  12  0:01  SCV  
  13  0:14  SCV  
  14  0:17  Supply Depot  
  14  0:27  SCV  
  15  0:39  SCV  
  15  0:40  Barracks  
  16  0:45  Refinery  
  16  0:51  SCV  
  17  1:03  SCV  
  18  1:15  SCV  
  19  1:27  Reaper, Orbital Command  
  20  1:42  Command Center  
  20  1:51  Supply Depot  
  20  1:54  SCV  
  20  2:01  Marine  
  21  2:06  SCV  
  23  2:10  Factory  
  23  2:17  Refinery  
  23  2:19  SCV  
  23  2:21  Barracks Reactor  
  24  2:31  SCV  
  25  2:43  SCV  
  26  2:54  Orbital Command  
  26  2:55  SCV  
  26  2:56  Starport  
  26  2:57  Widow Mine  
  29  3:00  Marine x2  
  31  3:07  SCV  
  32  3:18  Marine x2  
  32  3:19  SCV x2  
  36  3:21  Widow Mine  
  36  3:26  Supply Depot  
  38  3:31  SCV x2  
  40  3:34  Medivac  
  40  3:36  Marine x2  
  44  3:43  SCV x2  
  44  3:48  Barracks, Widow Mine  
  48  3:49  Supply Depot  
  48  3:54  Marine x2  
  50  3:55  SCV  
  50  3:56  SCV  
  50  4:00  Barracks  
  52  4:07  Starport Tech Lab, SCV  
  53  4:10  SCV  
  53  4:15  Marine x2, Supply Depot  
  53  4:17  Factory Tech Lab  
  56  4:20  SCV  
  56  4:22  SCV  
  56  4:23  Engineering Bay  
  58  4:25  Refinery  
  58  4:32  SCV  
  58  4:33  Marine x2  
  58  4:34  Starport Reactor  
  58  4:37  SCV  
  62  4:41  Stimpack, Supply Depot  
  62  4:43  Factory Reactor  
  62  4:44  SCV  
  61  4:53  Marine x2, SCV  
  61  4:54  Terran Infantry Weapons Level 1  
  61  4:55  Refinery  
  61  4:56  SCV  
  59  5:01  Supply Depot  
  59  5:04  Supply Depot  
  59  5:05  SCV  
  62  5:07  Marauder  
  62  5:08  SCV  
  62  5:09  Marauder  
  62  5:11  Marine x2  
  67  5:16  Combat Shield  
  67  5:18  SCV  
  67  5:20  Medivac x2  
  72  5:24  Supply Depot  
  74  5:28  Marauder  
  74  5:30  Marine, Marauder  
  74  5:32  Marine  
  74  5:35  Widow Mine  
  80  5:37  Widow Mine  
  80  5:40  Supply Depot  
  84  5:50  Marauder, Medivac x2  
  84  5:52  Marauder  
  84  5:53  Supply Depot  
  84  5:55  Marine x2  
  92  5:58  Widow Mine  
  92  6:00  Widow Mine  
  96  6:11  Supply Depot  
  96  6:13  Marine x2  
  96  6:17  Marauder x2  
  102  6:20  Widow Mine  
  102  6:24  Medivac x2  
  108  6:29  Widow Mine  
  108  6:30  Concussive Shells  
  108  6:31  Marine x2  
  112  6:37  Command Center  
  112  6:42  Marauder x2  
  112  6:44  Supply Depot  
  116  6:51  Marine  
  117  6:56  Barracks x2, Terran Infantry Armor Level 1  
  117  7:02  SCV  
  117  7:03  Marauder  
  117  7:04  SCV  
  113  7:13  Marine x2, Marauder  
  103  7:19  SCV x2  
  100  7:24  Marine  
  101  7:31  SCV x2  
  101  7:34  Marauder, Armory  
  101  7:36  Engineering Bay  
  105  7:39  Marine x2  
  105  7:42  Marauder  
  105  7:43  SCV x2  
  111  7:46  Barracks Tech Lab, Barracks Reactor  
  111  7:48  Widow Mine x2, Medivac x2  
  119  7:55  Orbital Command, SCV x2  
  119  7:56  Marauder  
  123  8:03  Marine  
  123  8:04  Marine, Marauder  
  125  8:08  Supply Depot  
  125  8:09  Supply Depot, SCV x2  
  125  8:12  Marauder  
  129  8:17  Marauder  
  131  8:21  SCV  
  131  8:22  Marine x2  
  131  8:23  Marine x2  
  131  8:24  Viking x2  
  131  8:27  Terran Infantry Weapons Level 2  
  140  8:28  SCV  
  140  8:31  SCV  
  140  8:33  SCV  
  143  8:38  Refinery x2  
  143  8:40  Supply Depot  
  143  8:41  SCV  
  144  8:42  Ghost Academy  
  144  8:44  Terran Ship Weapons Level 1  
  144  8:51  SCV x2  
  144  8:53  SCV  
  144  8:54  Viking x2  
  151  9:03  SCV x2  
  151  9:04  Supply Depot x2  
  151  9:05  SCV  
  154  9:15  Enhanced Shockwaves  
  154  9:16  Ghost x2  
  156  9:17  Ghost  
  156  9:22  Supply Depot  
  156  9:23  Marine x3  
  156  9:24  Marine  
  162  9:31  Starport  
  162  9:34  Command Center  
  162  9:35  Viking x2  
  166  9:42  Marine  
  166  9:43  Marine x3  
  170  9:47  Ghost  
  172  10:00  Ghost  
  172  10:04  Barracks  
  172  10:05  Viking x2  
  172  10:06  Barracks x2  
  178  10:15  Marine x2  
  178  10:16  Marine x2  
  186  10:33  Fusion Core  
  186  10:34  Command Center  
Tags
 
Add a new tag
Caveats
  • Supply blocks, unpowered buildings, or Contaminate may cause inaccurate times.
  • Supply counts are checked every 10 seconds.